 Dungeon Crawl Stone Soup version 0.21.1-68-g103a7af (webtiles) character file.

115 meralisa the Ruffian (level 5, 0/44 HPs)
             Began as a Naga Transmuter on Aug 1, 2018.
             Slain by Grinder (4 damage)
             ... on level 3 of the Dungeon.
             The game lasted 00:19:06 (2505 turns).

meralisa the Ruffian (Naga Transmuter)              Turns: 2505, Time: 00:19:07

Health: 0/44       AC:  3    Str: 13    XL:     5   Next: 0%
Magic:  9/9        EV:  7    Int: 14    God:
Gold:   78         SH:  0    Dex: 11    Spells: 3/9 levels left

rFire    . . .     SeeInvis +     - Unarmed
rCold    . . .     Gourm    .   (no shield)
rNeg     . . .     Faith    .   b - +0 robe
rPois    +         Spirit   .   (no helmet)
rElec    .         Reflect  .   (no cloak)
rCorr    .         Harm     .   f - +0 pair of gloves
MR       .....                  (no barding)
Stlth    +.........             (no amulet)
HPRegen  0.14/turn              h - -3 ring of evasion (curse)
MPRegen  0.11/turn              (no ring)

@: very slow
A: large, see invisible, deformed body, poison resistance, slowness 2, slow
metabolism 1, spit poison 1, AC +1
a: Spit Poison


You were on level 3 of the Dungeon.
You were not hungry.

You visited 1 branch of the dungeon, and saw 3 of its levels.

You collected 78 gold pieces.

Inventory:

Hand Weapons
 a - a cursed -3 dagger
 j - a +1 dagger of pain
 p - a +0 club
Missiles
 e - 14 bolts
 g - 26 sling bullets
 k - 64 stones (quivered)
 o - 25 arrows
Armour
 b - a +0 robe (worn)
 f - a +0 pair of gloves (worn)
Jewellery
 h - a cursed -3 ring of evasion (left hand)
Scrolls
 q - a scroll of identify {unknown}
 r - a scroll of remove curse {unknown}
Potions
 i - a potion of heal wounds {unknown}
 l - 3 potions of curing
 m - a potion of degeneration {unknown}
 n - a potion of berserk rage
Books
 c - a book of Changes

   Spells                             Type                      Level
   a - Beastly Appendage              Transmutation                1
   b - Sticks to Snakes               Transmutation                2
   c - Spider Form                    Transmutation/Poison         3
   d - Ice Form                       Ice/Transmutation            4
   e - Blade Hands                    Transmutation                5
Comestibles
 d - 3 rations
 s - 2 chunks of flesh


   Skills:
 + Level 1.3 Fighting
 + Level 0.3 Short Blades
 + Level 2.3 Dodging
 + Level 0.8 Stealth
 + Level 3.7 Unarmed Combat
 + Level 2.8 Spellcasting
 + Level 2.6 Transmutations
 + Level 0.2 Poison Magic


You had 3 spell levels left.
You knew the following spells:

 Your Spells              Type           Power        Failure   Level  Hunger
a - Beastly Appendage     Tmut           #.....       8%          1    #......
b - Sticks to Snakes      Tmut           #.......     11%         2    ##.....
c - Spider Form           Tmut/Pois      #.........   36%         3    ###....


Dungeon Overview and Level Annotations

Branches:
Dungeon (3/15)

Altars:

Annotations:
D:3 Grinder


Innate Abilities, Weirdness & Mutations

You cannot wear boots.
Your serpentine skin is tough. (AC +1)
You have supernaturally acute eyesight. (SInv)
Armour fits poorly on your strangely shaped body.
Your system is resistant to poisons. (rPois)
You cover ground very slowly.
You have a slow metabolism.
You can spit poison.


Message History

You don't know that spell.
Unknown command.
A jackal skeleton comes into view.
The hobgoblin shouts!
Grinder comes into view.
The orc shouts!
Grinder says, "Mostly I couldn't keep them alive."
The hobgoblin closely misses you.
Grinder blinks!
The hobgoblin hits you. Grinder gestures at you. Pain shoots through your body!
Grinder hits you but does no damage. Grinder gestures at you.
Pain shoots through your body! The hobgoblin hits you.
* * * LOW HITPOINT WARNING * * *
There is a large open door here.
Grinder hits you!
* * * LOW HITPOINT WARNING * * *
You writhe in agony.
You die...

####### #.....##################
### #.....##.......##....... ..#
#.....##.......##....... .#+##.#
#....<##........#....... ....#.##
#....o##........#....... ....'..
+....g5@......>.#......<
....#.####.....##........'...%...
....'..........##.....)..#.......
....##.........##........#.......
5.. #.....############..#.......
.. ###+#.# #........#####... .
#.# .....##..######## #.# #.##
#(........# #.# #..#.......


You could see Grinder, an orc and a hobgoblin.

Vanquished Creatures
  A scorpion (D:3)
  An adder (D:2)
  2 leopard geckos
  3 orcs (D:2)
  5 giant cockroaches
  4 goblins
  10 hobgoblins
  3 jackals (D:1)
  3 kobolds (D:2)
  5 bats (D:1)
  3 frilled lizards (D:1)
  4 rats
44 creatures vanquished.

Vanquished Creatures (collateral kills)
  A dart slug (D:1)
  A bat (D:1)
  A goblin (D:1)
  A kobold (D:1)
4 creatures vanquished.

Vanquished Creatures (others)
  4 toadstools (D:1)
4 creatures vanquished.

Grand Total: 52 creatures vanquished

Notes
Turn   | Place    | Note
-------+----------+-------------------------------------------
     0 | D:1      | meralisa the Naga Transmuter began the quest for the Orb.
     0 | D:1      | Reached XP level 1. HP: 18/18 MP: 3/3
   267 | D:1      | Reached XP level 2. HP: 25/25 MP: 3/5
   278 | D:1      | Learned a level 2 spell: Sticks to Snakes
   723 | D:1      | Reached XP level 3. HP: 31/31 MP: 6/6
   863 | D:1      | Learned a level 3 spell: Spider Form
  1913 | D:2      | Reached XP level 4. HP: 26/38 MP: 0/7
  2444 | D:3      | Reached XP level 5. HP: 44/44 MP: 7/9
  2495 | D:3      | Noticed Grinder
  2505 | D:3      | Slain by Grinder

Skill      XL: |  1  2  3 |
---------------+----------+-----
Dodging        | 2 |  2.3
Fighting       | |  1.3
Short Blades   | |  0.3
Stealth        | |  0.8
Unarmed Combat | |  3.7
Spellcasting   | |  2.8
Transmutations | |  2.6
Poison Magic   | |  0.2

Action                   |  1- 3 |  4- 6 || total
-------------------------+-------+-------++-------
Melee: Unarmed           |    76 |    11 ||    87
       Headbutt          |     6 |       ||     6
       Dagger            |    17 |       ||    17
       Punch             |     1 |       ||     1
 Cast: Beastly Appendage |    18 |     4 ||    22
       Sticks to Snakes  |    12 |     1 ||    13
       Spider Form       |     1 |       ||     1
 Abil: Spit Poison       |    23 |     2 ||    25
  Use: Potion            |       |     2 ||     2
       Scroll            |       |     1 ||     1
 Stab: Distracted        |     1 |       ||     1
       Sleeping          |       |     1 ||     1
  Eat: Chunk             |     2 |     2 ||     4
       Ration            |     1 |       ||     1
Armor: Robe              |    27 |     2 ||    29
Dodge: Dodged            |    62 |     6 ||    68
